 Dungeon Crawl Stone Soup version 0.23.2-30-g0e89c35 (webtiles) character file.

Game seed: 16964850617221970465

248 ubername the Slasher (level 5, -9/70 HPs)
             Began as a Minotaur Monk on June 11, 2019.
             Mangled by an ogre
             ... wielding a +0 giant club
              (14 damage)
             ... on level 3 of the Dungeon.
             The game lasted 00:06:00 (2833 turns).

ubername the Slasher (Minotaur Monk)                Turns: 2833, Time: 00:06:00

Health: -9/70      AC: 15    Str: 22    XL:     5   Next: 86%
Magic:  4/4        EV:  9    Int:  7    God:
Gold:   144        SH:  0    Dex: 12    Spells: 4/4 levels left

rFire    . . .     SeeInvis .   d - +0 war axe
rCold    . . .     Gourm    .   (no shield)
rNeg     . . .     Faith    .   n - +1 chain mail
rPois    .         Spirit   .   (helmet restricted)
rElec    .         Reflect  .   b - +1 cloak
rCorr    .         Harm     .   (no gloves)
MR       .....                  (no boots)
Stlth    ..........             (no amulet)
HPRegen  0.21/turn              k - +3 ring of protection
MPRegen  0.09/turn              (no ring)

@: berserking, very quick
A: retaliatory headbutt, horns 2
a: no special abilities


You were on level 3 of the Dungeon.
You were not hungry.

You visited 1 branch of the dungeon, and saw 4 of its levels.

You collected 144 gold pieces.

Inventory:

Hand Weapons
 a - a +0 falchion
 d - a +0 war axe (weapon)
 j - a +2 flail of holy wrath
 q - a +0 hunting sling
Missiles
 e - 192 stones (quivered)
Armour
 b - a +1 cloak (worn)
 n - a +1 chain mail (worn)
Jewellery
 k - a +3 ring of protection (left hand)
Wands
 m - a wand of polymorph (10)
Scrolls
 g - a scroll of magic mapping
 h - a scroll of identify
 i - 2 scrolls of fear
 l - 2 scrolls of enchant armour
 o - a scroll of teleportation
Potions
 r - a potion of degeneration {unknown}
Comestibles
 c - 8 rations
 f - 3 chunks of flesh


   Skills:
 + Level 4.4 Fighting
 + Level 5.1 Long Blades
 + Level 1.5 Axes
 + Level 2.6 Armour
 + Level 3.8 Dodging
 + Level 3.1 Stealth


You had 4 spell levels left.
You didn't know any spells.
Your spell library was empty.

Dungeon Overview and Level Annotations

Branches:
Dungeon (4/15)
 Temple: D:4-7

Altars:
Dithmenos
Makhleb
Nemelex Xobeh
Okawaru
Zin

Annotations:
D:3 Menkaure


Innate Abilities, Weirdness & Mutations

You reflexively headbutt those who attack you in melee.
You have a pair of horns on your head.


Message History

The ogre is almost dead.
The ogre hits you but does no damage. Menkaure hits you but does no damage.
The ogre hits you with a +0 giant club!
* * * LOW HITPOINT WARNING * * *
Menkaure barely misses you.
You climb upwards.
There is a stone staircase leading down here.
You barely miss Menkaure.
Your chain mail prevents you from hitting the ogre.
You slash the dart slug! Menkaure hits you but does no damage.
The ogre hits you with a +0 giant club!
* * * LOW HITPOINT WARNING * * *
The dart slug launches a dart at you.
The slug dart hits you but does no damage.
Menkaure barely misses you.
It was a potion of berserk rage.
A red film seems to cover your vision as you go berserk!
You feel yourself moving faster!
You feel mighty! The ogre hits you with a +0 giant club!
You die...

#.#.# #.#.#######
#.#.......#
#.#######.###
#...........#
#########.#.#
#<......#.#
#########.########
######@O...............
#....Mw................
#...........รท.#########
#.............# ######
######.#####'#####.....
#.................
#######.#####.....
#######.# #.......
###.....#'###.#.....


You could see an ogre, Menkaure and a dart slug.

Vanquished Creatures
  A bullfrog zombie (D:2)
  2 orc wizards (D:3)
  4 gnolls (D:3)
  5 adders
  2 dart slugs
  5 leopard geckos
  7 orcs (D:3)
  3 giant cockroaches
  5 hobgoblins
  3 jackals (D:1)
  10 kobolds
  2 quokkas
  6 bats
  4 frilled lizards
  3 goblins (D:1)
  5 rats
67 creatures vanquished.

Notes
Turn   | Place    | Note
-------+----------+-------------------------------------------
     0 | D:1      | ubername the Minotaur Monk began the quest for the Orb.
     0 | D:1      | Reached XP level 1. HP: 19/19 MP: 0/0
   198 | D:1      | Reached skill level 4 in Long Blades
   198 | D:1      | Reached XP level 2. HP: 27/27 MP: 1/1
  1112 | D:1      | Reached XP level 3. HP: 29/33 MP: 2/2
  1267 | D:2      | Found a shadowy altar of Dithmenos.
  1346 | D:2      | Reached XP level 4. HP: 20/40 MP: 3/3
  1352 | D:2      | Reached skill level 1 in Armour
  1793 | D:2      | Found a sparkling altar of Nemelex Xobeh.
  2002 | D:3      | Reached XP level 5. HP: 41/47 MP: 4/4
  2024 | D:3      | Reached skill level 5 in Long Blades
  2512 | D:3      | Found a burning altar of Makhleb.
  2569 | D:3      | Reached skill level 1 in Axes
  2585 | D:3      | Found an iron altar of Okawaru.
  2817 | D:4      | Found a glowing silver altar of Zin.
  2818 | D:4      | Noticed an ogre
  2823 | D:4      | Noticed Menkaure
  2833 | D:3      | Mangled by an ogre

Skill      XL: |  1  2  3  4  5 |
---------------+----------------+-----
Long Blades    | 4 5 |  5.1
Fighting       | 4 |  4.4
Stealth        | 2 3 |  3.1
Armour         | 1 2 |  2.6
Axes           | 1 |  1.5
Dodging        | |  3.8

Action                   |  1- 3 |  4- 6 || total
-------------------------+-------+-------++-------
Melee: Falchion          |    58 |    55 ||   113
       Headbutt          |    11 |    13 ||    24
       War axe           |       |    49 ||    49
Throw: Stone             |     2 |       ||     2
  Use: Potion            |     2 |     2 ||     4
       Scroll            |     9 |     2 ||    11
 Stab: Sleeping          |     4 |       ||     4
  Eat: Chunk             |     1 |     3 ||     4
       Ration            |       |     1 ||     1
Armor: Robe              |     2 |       ||     2
       Chain mail        |    21 |    90 ||   111
Dodge: Dodged            |    41 |    56 ||    97
       Rpst.: Falchion   |     7 |     7 ||    14
